 Dungeon Crawl Stone Soup version 0.27-a0-637-g3a9f0a9c12 (webtiles) character file.

Game seed: 10102225557330303578

27098 spiderkeys the Cleaver (level 13, -1/102 (106) HPs)
             Began as a Formicid Fighter on Mar 14, 2021.
             Was a High Priest of Okawaru.
             Slain by a sun demon (12 damage)
             ... summoned by an orc sorcerer
             ... on level 2 of the Orcish Mines.
             The game lasted 00:33:17 (23122 turns).

spiderkeys the Cleaver (Formicid Fighter)          Turns: 23122, Time: 00:33:18

HP:   -1/102 (106)  AC: 20    Str: 25    XL:     13   Next: 63%
MP:   13/13         EV:  9    Int:  9    God:    Okawaru [*****.]
Gold: 1212          SH:  0    Dex: 10    Spells: 12/12 levels left

rFire    . . .     SeeInvis +   B - +3 war axe (freeze)
rCold    . . .     Faith    .   c - +0 kite shield
rNeg     . . .     Spirit   .   x - +1 plate armour
rPois    .         Reflect  .   (helmet unavailable)
rElec    .         Harm     .   (no cloak)
rCorr    .         Rampage  .   (no gloves)
Will     ++...                  (no boots)
Stlth    ..........             (no amulet)
HPRegen  0.27/turn              G - +4 ring of protection
MPRegen  0.13/turn              i - ring of willpower

@: confused, ambrosia-drunk, lightly drained
A: permanent stasis, dig shafts and tunnels, antennae 3, four strong arms
a: Dig, Shaft Self, Renounce Religion, Heroism, Finesse


You were on level 2 of the Orcish Mines.
You worshipped Okawaru.
Okawaru was extremely pleased with you.
You visited 3 branches of the dungeon, and saw 17 of its levels.

You collected 1212 gold pieces.

Inventory:

Hand Weapons
 B - a +3 war axe of freezing (weapon)
Armour
 c - a +0 kite shield (worn)
 d - the +0 pair of gloves of Wuamunax {rF+ Str-4 Int+4 SInv}
   (Okawaru gifted it to you on level 2 of the Orcish Mines)

   It affects your strength (-4).
   It affects your intelligence (+4).
   It protects you from fire.
   It lets you see invisible.
 x - a +1 plate armour (worn)
 A - a scarf of invisibility
Jewellery
 a - a ring of willpower
 i - a ring of willpower (left hand)
 k - a ring of positive energy
 G - a +4 ring of protection (right hand)
Wands
 l - a wand of acid (7)
 s - a wand of iceblast (3)
 v - a wand of random effects (25)
 w - a wand of flame (17)
 z - a wand of charming (10)
 E - a wand of digging (5)
Scrolls
 b - 4 scrolls of identify
 e - 3 scrolls of magic mapping
 g - a scroll of brand weapon
 h - 2 scrolls of immolation
 q - a scroll of amnesia
 r - 2 scrolls of enchant weapon
 y - a scroll of fog
 D - a scroll of enchant armour
Potions
 j - 3 potions of cancellation
 m - 2 potions of mutation {unknown}
 o - 8 potions of lignification
 p - 7 potions of flight
 t - 2 potions of brilliance
 u - a potion of ambrosia


   Skills:
 + Level 11.0 Fighting
 * Level 13.4 Axes
 + Level 11.0 Armour
 + Level 7.1 Dodging
 + Level 10.4 Shields


You had 12 spell levels left.
You didn't know any spells.
Your spell library contained the following spells:

 Spells                   Type           Power      Damage    Failure   Level
 Animate Skeleton         Necr           0%         N/A       98%         1
 Apportation              Tloc           0%         N/A       98%         1
 Corona                   Hex            0%         N/A       98%         1
 Foxfire                  Conj/Fire      0%         2x1d4     98%         1
 Summon Small Mammal      Summ           0%         N/A       98%         1
 Ensorcelled Hibernation  Hex/Ice        0%         N/A       99%         2
 Conjure Flame            Conj/Fire      0%         6-21      100%        3
 Inner Flame              Hex/Fire       0%         N/A       100%        3
 Animate Armour           Summ/Erth      0%         N/A       100%        4
 Sticky Flame             Conj/Fire      0%         2d3       100%        4
 Bolt of Magma            Conj/Fire/Erth 0%         4d4       100%        5
 Borgnjor's Vile Clutch   Necr/Erth      0%         N/A       100%        5
 Fireball                 Conj/Fire      0%         3d3       100%        5
 Iskenderun's Battlesphe  Conj           0%         2d6       100%        5
 Silence                  Hex/Air        0%         N/A       100%        5
 Iron Shot                Conj/Erth      0%         9d1       100%        6
 Shadow Creatures         Summ           N/A        N/A       100%        6
 Orb of Destruction       Conj           0%         N/A       100%        7
 Spellforged Servitor     Conj/Summ      0%         N/A       100%        7


Dungeon Overview and Level Annotations

Branches:
Dungeon (14/15)            Temple (1/1) D:7            Lair (0/6) D:10
    Orc (2/2) D:10            Elf (0/3) Orc:2
 Vaults: D:13-14

Altars:
Ashenzari
Cheibriados
Dithmenos
Elyvilon
Fedhas
Gozag
Hepliaklqana
Kikubaaqudgha
Makhleb
Nemelex Xobeh
Okawaru
Qazlal
Ru
Sif Muna
Trog
Vehumet
Wu Jian
Xom
Yredelemnul
Zin
The Shining One
Beogh

Portals:
Trove: D:12 (give +3 gold dragon scales)


Innate Abilities, Weirdness & Mutations

You cannot be hasted, slowed, berserked, paralysed or teleported.
You can dig through walls and to a lower floor.
You have a pair of large antennae on your head. (SInv)
Your four strong arms can wield two-handed weapons with a shield.


Message History

You hit the orc knight. You freeze the orc knight.
You kill the orc knight!
Okawaru accepts your kill.
The orc sorcerer mumbles some strange words.
You hit the hellwing but do no damage. You block the hellwing's attack.
The hellwing closely misses you.
You closely miss the hellwing.
The hellwing hits you but does no damage.
You block the hellwing's attack.
You closely miss the hellwing. The hellwing hits you.
You block the hellwing's attack.
You hit the hellwing but do no damage. You hit the sun demon but do no damage.
You closely miss the sun demon. The sun demon misses you.
You hit the sun demon but do no damage. You block the sun demon's attack.
You barely miss the sun demon.
The orc sorcerer points at you and mumbles some strange words.
The bolt of negative energy hits the sun demon.
The sun demon completely resists.
The bolt of negative energy hits you!!
You feel drained. You block the sun demon's attack.
You slash the sun demon! You freeze the sun demon!
The sun demon is moderately wounded.
The hellwing disappears in a puff of smoke! x2
The sun demon hits you.
* * * LOW HITPOINT WARNING * * *
You are engulfed in flames!!
* * * LOW HITPOINT WARNING * * *
You are too injured to fight recklessly!
Okay, then.
Okay, then.
As you read the scroll of fear, it crumbles to dust.
You assume a fearsome visage.
The sun demon is unaffected.
The orc sorcerer looks frightened!
You block the sun demon's attack.
Okay, then.
Okay, then.
You are confused.
You feel invigorated. The sun demon hits you.
* * * LOW HITPOINT WARNING * * *
You are engulfed in flames!
You die...

#.##'##.#.§§≈≈≈≈§
#.#...#.')§≈≈≈§≈
#+###+##.#.[.###..≈§≈≈#
.........'._.'.########
######'###...#.#
#..#.....#...#.# ####
...#(....#####.# ...###
...').⌠..# #.###.....##
...#)....# #.'@3§o.$..$
...#.....# #####§....##
...############ ...###
)........##...# ####
............###
............# ###
.....[)[....###.##
#......<...###...####
###..[))...##..#....##


You could see a sun demon (summoned).

Vanquished Creatures
  An orc warlord (Orc:1)
  The ghost of noodleboyJ the Archer, a journeyman DrWn of Hepliaklqana (D:11)
  A boulder beetle (D:12)
  Erica (D:10)
  A centaur warrior (D:13)
  2 two-headed ogres
  5 orc knights
  4 orc sorcerers (Orc:2)
  Maggie (D:9)
  A centaur skeleton (D:13)
  A gargoyle (D:10)
  2 kobold demonologists (D:11)
  2 komodo dragons (D:10)
  4 trolls
  Grinder (D:3)
  2 slime creatures (D:12)
  Sigmund (D:5)
  A wyvern (D:10)
  13 yaks
  A shadow (D:11)
  Menkaure (D:7)
  2 basilisks
  Edmund (D:5)
  8 wargs
  2 acid dragons
  Duvessa (D:6)
  30 orc warriors
  3 sky beasts
  3 ice beasts
  9 ogres
  5 necrophages
  A wolf (D:13)
  5 centaurs
  3 phantoms
  9 kobold brigands
  3 bullfrogs
  Dowan (D:6)
  2 scorpions
  13 killer bees
  21 wights
  6 howler monkeys
  3 electric eels (D:9)
  2 bullfrog zombies
  2 quasits
  4 centaur zombies (D:11)
  6 hounds
  4 jellies
  18 orc priests
  2 bullfrog skeletons
  Natasha (thrice) (D:3)
  14 orc wizards
  5 worker ants
  A hound zombie (D:9)
  2 hound skeletons
  3 worker ant zombies
  Robin (D:2)
  6 adders
  A shadow imp (D:9)
  4 white imps
  3 ufetubi
  3 adder skeletons
  4 worms
  6 leopard geckos
  104 orcs
  6 giant cockroaches
  18 goblins
  16 hobgoblins
  7 jackals
  10 kobolds
  7 quokkas
  3 ball pythons
  9 bats
  8 frilled lizards
  A leopard gecko skeleton (D:4)
  A quokka skeleton (D:7)
  5 rats
467 creatures vanquished.

Vanquished Creatures (others)
  A human (D:13)
  An orc wizard (D:10)
  17 plants
19 creatures vanquished.

Grand Total: 486 creatures vanquished

Notes
Turn   | Place    | Note
-------+----------+-------------------------------------------
     0 | D:1      | spiderkeys the Formicid Fighter began the quest for the
                  | Orb.
     0 | D:1      | Reached XP level 1. HP: 18/18 MP: 1/1
    52 | D:1      | Reached XP level 2. HP: 11/24 MP: 2/2
   571 | D:1      | Reached XP level 3. HP: 28/29 MP: 3/3
  1405 | D:2      | Reached XP level 4. HP: 37/37 MP: 4/4
  1591 | D:2      | Noticed Robin
  1600 | D:2      | Reached skill level 3 in Axes
  1620 | D:2      | Killed Robin
  1842 | D:2      | Reached XP level 5. HP: 41/42 MP: 5/5
  2273 | D:3      | Noticed Grinder
  2292 | D:3      | Killed Grinder
  2293 | D:3      | Reached skill level 4 in Axes
  2293 | D:3      | Reached XP level 6. HP: 14/49 MP: 6/6
  2584 | D:3      | Reached skill level 5 in Shields
  2584 | D:3      | Reached XP level 7. HP: 23/55 MP: 7/7
  2974 | D:3      | Noticed Natasha
  2985 | D:3      | Killed Natasha
  2995 | D:3      | Noticed Natasha
  3005 | D:3      | Killed Natasha
  3332 | D:3      | Noticed Natasha
  3342 | D:3      | Killed Natasha
  4221 | D:4      | Reached skill level 5 in Axes
  4392 | D:4      | Reached skill level 5 in Fighting
  4392 | D:4      | Reached skill level 5 in Armour
  4512 | D:4      | Found a sparkling altar of Nemelex Xobeh.
  4750 | D:5      | Entered Level 5 of the Dungeon
  4894 | D:5      | Found a shimmering altar of Xom.
  4916 | D:5      | Reached XP level 8. HP: 62/62 MP: 8/8
  5038 | D:5      | Noticed Edmund
  5053 | D:5      | Killed Edmund
  5085 | D:5      | Noticed Sigmund
  5091 | D:5      | Killed Sigmund
  5092 | D:5      | Reached skill level 6 in Axes
  5368 | D:5      | Found an opulent altar of Gozag.
  6133 | D:6      | Reached XP level 9. HP: 36/69 MP: 9/9
  6381 | D:6      | Noticed Duvessa
  6381 | D:6      | Noticed Dowan
  6391 | D:6      | Reached skill level 7 in Axes
  6394 | D:6      | Killed Duvessa
  6401 | D:6      | Killed Dowan
  7382 | D:7      | Noticed Menkaure
  7401 | D:7      | Killed Menkaure
  7619 | D:7      | Reached skill level 8 in Axes
  7828 | D:7      | Found a glowing golden altar of the Shining One.
  8030 | D:7      | Found a staircase to the Ecumenical Temple.
  8039 | Temple   | Entered the Ecumenical Temple
  8093 | Temple   | Became a worshipper of Warmaster Okawaru
  8347 | D:8      | Reached XP level 10. HP: 71/79 MP: 10/10
  8570 | D:8      | Reached skill level 1 in Dodging
  9985 | D:9      | Reached skill level 9 in Axes
 10017 | D:9      | Reached * piety under Okawaru
 10093 | D:9      | Noticed Maggie
 10114 | D:9      | Killed Maggie
 10595 | D:9      | Reached ** piety under Okawaru
 11972 | D:10     | Entered Level 10 of the Dungeon
 12768 | D:10     | Reached XP level 11. HP: 80/86 MP: 11/11
 12823 | D:10     | Noticed a two-headed ogre
 13063 | D:10     | Reached skill level 10 in Axes
 13290 | D:10     | Killed a two-headed ogre
 13290 | D:10     | Reached *** piety under Okawaru
 14086 | D:10     | Reached **** piety under Okawaru
 14414 | D:10     | Found a staircase to the Lair.
 14623 | D:10     | Found a staircase to the Orcish Mines.
 14828 | D:11     | Reached skill level 11 in Axes
 15834 | D:11     | Found a blossoming altar of Fedhas.
 16090 | D:11     | Found a runed translucent gate.
 16090 | D:11     | Noticed noodleboyJ's ghost (journeyman DrWn)
 16091 | D:11     | Found a runed translucent gate.
 16091 | D:11     | Found a runed translucent gate.
 16102 | D:11     | Noticed a sixfirhy
 16111 | D:11     | You fall into a shaft and drop 3 floors!
 16138 | D:13     | Reached ***** piety under Okawaru
 16481 | D:13     | Reached skill level 5 in Dodging
 16481 | D:13     | Reached XP level 12. HP: 88/96 MP: 12/12
 16515 | D:12     | Noticed a boulder beetle
 16537 | D:12     | Killed a boulder beetle
 16970 | D:10     | You fall into a shaft and drop 3 floors!
 16970 | D:13     | Noticed a centaur warrior
 16979 | D:13     | Killed a centaur warrior
 16979 | D:13     | Received a gift from Okawaru
 17316 | D:12     | Found a portal to a secret trove of treasure.
 18136 | D:11     | Reached skill level 12 in Axes
 18150 | D:11     | Reached skill level 10 in Fighting
 18165 | D:11     | Reached skill level 10 in Armour
 18315 | D:11     | Killed noodleboyJ's ghost
 18614 | Orc:1    | Entered Level 1 of the Orcish Mines
 19002 | D:10     | Received a gift from Okawaru
 19218 | Orc:1    | Noticed Erica
 19257 | D:10     | Killed Erica
 19565 | Orc:1    | Found an iron altar of Okawaru.
 19906 | Orc:1    | Reached XP level 13. HP: 35/104 MP: 13/13
 20509 | Orc:2    | Entered Level 2 of the Orcish Mines
 21411 | Orc:2    | Reached skill level 13 in Axes
 21440 | Orc:2    | Reached skill level 10 in Shields
 21780 | Orc:2    | Found a staircase to the Elven Halls.
 22060 | Orc:2    | Noticed an orc warlord
 22337 | Orc:1    | Killed an orc warlord
 22929 | Orc:2    | Identified the +0 pair of gloves of Wuamunax {rF+ Str-4
                  | Int+4 SInv} (Okawaru gifted it to you on level 2 of the
                  | Orcish Mines)
 22929 | Orc:2    | Received a gift from Okawaru
 23122 | Orc:2    | Slain by a sun demon

Illustrated notes

Levels and vault maps discovered:
D:1:      erik_arrival_triangle_small, layout_basic, hangedman_decor_points,
          minivault_26, serial_bayou_lake_a
D:2:      layout_basic, serial_co_window_serial, co_window_of_opportunity_a,
          co_window_corner_a, co_window_corner_a, co_window_of_opportunity_a,
          co_window_paths_a, co_window_paths_b, co_window_paths_a,
          co_window_broadway_b, co_window_broadway_c, co_window_cross_2,
          co_window_corner_cb, co_window_sun, glass_columns_b, glass_columns_a,
          glass_columns_c, glass_columns_b, minivault_19, uniq_robin
D:3:      layout_loops_ring, grunt_decor_mini_mirrors, uniq_natasha,
          uniq_grinder
D:4:      layout_loops_corners, grunt_ministairs_1, lemuel_statue_altar
D:5:      layout_basic, overflow_temple_1_default, basic_altar,
          sigmund_edmund_badplayer
D:6:      layout_basic, uniq_duvessa
D:7:      layout_basic, minmay_temple_entry_enclosed_plants, tso_altar,
          uniq_menkaure
D:8:      layout_layer_cave
D:9:      layout_layer_cave, minivault_24, disabler_island, uniq_maggie
D:10:     layout_rooms, erik_lair_dragon, orc_0_dummy
D:11:     layout_long_grid, gammafunk_ghost_nasty_kobolds, nicolae_benzene_ring,
          fedhas_altar_decomposition
D:12:     layout_gridville, nicolae_trove_entry_diagonal, uniq_frances
D:13:     layout_roguey, ximxim_vaults_locker_room
D:14:     layout_roguey, minivault_19, serial_ice, serial_ice_a, serial_ice_c,
          serial_ice_h, serial_ice_k, serial_shops, kennysheep_mini, drop_trap,
          hive_lemuel
Temple:   compressed_dpeg_triangle_lava_temple
Orc:1:    layout_caves, okawaru_metal_pillars_3, uniq_erica
Orc:2:    pubby_orc_utopia

Skill      XL: |  1  2  3  4  5  6  7  8  9 10 11 12 13 |
---------------+----------------------------------------+-----
Shields        | 4 5 6 7 9 10 | 10.4
Axes           | 3 4 5 6 8 9 11 12 13 | 13.4
Fighting       | 4 5 6 7 8 9 10 11 | 11.0
Armour         | 4 5 6 7 8 9 10 11 | 11.0
Dodging        | 3 5 6 7 |  7.1

Action                   |  1- 3 |  4- 6 |  7- 9 | 10-12 | 13-15 || total
-------------------------+-------+-------+-------+-------+-------++-------
Melee: War axe           |   100 |   104 |   440 |   323 |   337 ||  1304
       Battleaxe         |       |       |       |   627 |       ||   627
Invok: Heroism           |       |       |       |     1 |       ||     1
 Abil: Dig               |       |       |     4 |    18 |     1 ||    23
       Shaft Self        |       |       |       |     2 |       ||     2
Evoke: Wand              |       |       |       |    13 |       ||    13
  Use: Scroll            |       |       |    12 |    12 |     1 ||    25
       Potion            |       |       |     1 |     3 |     2 ||     6
Armor: Scale mail        |    33 |       |       |       |       ||    33
       Chain mail        |    21 |    72 |    36 |       |       ||   129
       Plate armour      |       |       |   213 |   402 |    63 ||   678
Dodge: Dodged            |    27 |    33 |   106 |   238 |    46 ||   450
Block: Kite shield       |    61 |    58 |   271 |   443 |   143 ||   976

Table legend: (Time is in decaauts)
 A = Elapsed time spent in this place.
 B = Non-inter-level travel time spent in this place.
 C = Inter-level travel time spent in this place.
 D = Time resting spent in this place.
 E = Time spent auto-exploring this place.
 F = Levels seen in this place.
 G = Mean time per level.
                   A        B        C        D        E       F      G
               +--------+--------+--------+--------+--------+-----+--------+
         Total |  23445 |  23043 |    402 |   5738 |  13247 |  17 | 1379.1 |
       Dungeon |  19644 |  19252 |    392 |   5184 |  10831 |  14 | 1403.1 |
        Temple |     70 |     70 |      0 |      0 |     54 |   1 |   70.0 |
  Orcish Mines |   3730 |   3720 |     10 |    554 |   2362 |   2 | 1865.0 |
               +--------+--------+--------+--------+--------+-----+--------+

Top non-repeatable levels by time:
     D:9: 3124 daAuts
    D:10: 2660 daAuts
    D:11: 2409 daAuts
   Orc:2: 2112 daAuts
   Orc:1: 1618 daAuts
     D:2: 1533 daAuts
     D:8: 1508 daAuts
     D:3: 1396 daAuts
     D:7: 1267 daAuts
     D:4: 1177 daAuts
     D:5: 1109 daAuts
     D:1: 1029 daAuts
     D:6: 974 daAuts
    D:13: 741 daAuts
    D:12: 700 daAuts
